[Event "1st Festival Galdar 2024"]
[Site "Galdar"]
[Date "2024.09.05"]
[Round "5.16"]
[White "Hernandez Leon, Sergio"]
[Black "Ladron De Guevara Pinto, Paolo"]
[Result "0-1"]
[Annotator "RC"]
[ECO "A06"]
[WhiteElo "2136"]
[BlackElo "2371"]
[PlyCount "73"]
[EventDate "2024.09.02"]
[EventType "swiss"]
[EventCountry "ESP"]
[SourceTitle "playchess.com"]
[Source "ChessBase"]
[SourceQuality "1"]
[TimeControl "5400+30"]

1. Nf3 d5 2. b3 Bf5 3. Bb2 e6 4. e3 Nf6 5. Be2 h6 6. O-O Be7 7. c4 O-O 8. Nc3 c6 9. Ne5 a5 10. d4 Nbd7 11. f4 Ne4 12. Nxd7 Nxc3 13. Bxc3 Qxd7 14. c5 b6 15. cxb6 Qb7 16. Bd3 Bxd3 17. Qxd3 f5 18. g4 Qxb6 19. Kh1 a4 20. gxf5 exf5 21. b4 a3 22. Rab1 Qb5 23. Rfd1 g6 24. Be1 Rfe8 25. Rb3 Reb8 26. Kg2 Kf7 27. Qxb5 cxb5 28. Rdd3 Rc8 29. Rdc3 Rc4 30. Rxa3 Rxc3 31. Rxa8 Rxe3 32. Bf2 Re2 33. a4 Bh4 34. axb5 Rxf2+ 35. Kh3 Be7 36. b6 Bd6 37. Kg3 0-1

[Event "1st Festival Galdar 2024"]
[Site "Galdar"]
[Date "2024.09.05"]
[Round "5.17"]
[White "Fernandez Garcia, Jose Miguel"]
[Black "Rivero Tacoronte, Gabriel"]
[Result "1-0"]
[Annotator "TA"]
[ECO "B12"]
[WhiteElo "2368"]
[BlackElo "1912"]
[PlyCount "73"]
[EventDate "2024.09.02"]
[EventType "swiss"]
[EventCountry "ESP"]
[SourceTitle "playchess.com"]
[Source "ChessBase"]
[SourceQuality "1"]
[TimeControl "5400+30"]

1. e4 c6 2. d4 d5 3. e5 Bf5 4. h4 h5 5. Bd3 Bxd3 6. Qxd3 e6 7. Bg5 Be7 8. Nf3 Nh6 9. Nc3 {[%emt 0:04:57] The position is equal.} Nf5 10. Ne2 Qa5+ 11. c3 Qa6 12. Qd2 f6 13. Be3 Nd7 $1 14. Nf4 Nf8 (14... O-O-O $14) 15. Qc2 O-O-O 16. Bd2 c5 17. b4 c4 {[%emt 0:00:16] [#]} 18. b5 Qb6 (18... Qxb5 $11 {keeps the balance.} 19. Nxe6 Nxe6 20. Qxf5 Qd7) 19. a4 $16 Nh6 20. Ng6 (20. O-O $16) 20... Nxg6 $14 21. Qxg6 Nf5 22. O-O Rdf8 23. Rfe1 fxe5 {[%emt 0:05:20] [#] ...Rf6 would now be deadly.} 24. a5 $1 (24. Nxe5 Bxh4 25. a5 Qd6 $15) 24... Qd6 25. dxe5 (25. Nxe5 Bxh4 26. g3 (26. Nf7 $2 Rxf7 27. Qxf7 Bxf2+ 28. Kxf2 Rf8 $19) 26... Rf6 27. gxh4 Rxg6+ 28. Nxg6 Rg8) 25... Qd7 26. Be3 Nxe3 27. fxe3 Bd8 (27... Bc5 $11) 28. a6 b6 ({Better is} 28... Qf7 $14 29. Qg3 bxa6) 29. Rf1 $16 {[%emt 0:00:00] Hoping for Nd4. White is more active.} Rf5 $2 (29... Rh6 30. Qg3 g5) 30. Nd4 $18 Rh6 (30... Rff8 $142 31. e4 (31. Qxe6 Qxe6 32. Nxe6 Re8 $18) (31. Nxe6 Rxf1+ 32. Rxf1 Rh6 $17) (31. Rxf8 Rxf8 32. Nxe6 Re8 $18) 31... Qe8 32. Qxe6+ (32. Qxg7 Qe7 $18) 32... Qxe6 33. Nxe6 Re8 34. exd5 (34. Nxg7 Rxe5 35. exd5 Be7 $18) 34... g5 35. hxg5 (35. Nxg5 Bxg5 36. hxg5 Rxe5 $18) 35... h4) 31. Qg3 g6 32. e4 Rxf1+ 33. Rxf1 {[%emt 0:00:00] Strongly threatening Rf8.} dxe4 34. Rf8 {[%emt 0:00:00] White wants to mate with Qf4.} Rh7 35. Qxg6 {[%emt 0:00:00] White mates.} e3 36. Qe4 Qc7 37. Nxe6 {[%emt 0:00:00] Weighted Error Value: White=0.17 (very precise) /Black=0.57.  Mistake:       	White=2     	Black=6      Inaccurate:     	White=4     	Black=2      OK:         	White=10    	Black=6      Best:        	White=2     	Black=2      Strong:       	White=1     	Black=1} 1-0

[Event "1st Festival Galdar 2024"]
[Site "Galdar"]
[Date "2024.09.05"]
[Round "5.18"]
[White "Bibilashvili, Lali"]
[Black "Camacho Collados, Marcos"]
[Result "0-1"]
[Annotator "TA"]
[ECO "A08"]
[WhiteElo "1865"]
[BlackElo "2460"]
[PlyCount "76"]
[EventDate "2024.09.02"]
[EventType "swiss"]
[EventCountry "ESP"]
[SourceTitle "playchess.com"]
[Source "ChessBase"]
[SourceQuality "1"]
[TimeControl "5400+30"]

1. Nf3 Nf6 2. g3 g6 3. Bg2 Bg7 4. O-O O-O 5. d3 d5 6. Nbd2 c5 7. e4 dxe4 8. dxe4 Nc6 9. c3 Nd7 10. Qe2 Qc7 11. Ne1 b6 {[%emt 0:05:23] White has an edge.} 12. f4 a5 13. a4 Ba6 14. Nc4 b5 15. axb5 Bxb5 {[%emt 0:00:03] ...Nb6 would now be deadly.} 16. Nc2 $1 Nb6 $36 {[%emt 0:01:00][%mdl 2048] Black has the initiative.} 17. N2a3 Ba6 18. e5 Rad8 (18... a4 $5 19. Qf3 Na5 (19... Bxc4 20. Nxc4 Rfc8 21. Qe4 $16) 20. Nxb6 Qxb6 $15) 19. Qe4 ({White should try} 19. Re1 $14) 19... Nxc4 $11 20. Nxc4 Nd4 $1 21. cxd4 Bxc4 22. Rd1 (22. Re1 $15) 22... Bb3 23. Rd2 cxd4 24. Rxd4 f6 25. Be3 fxe5 26. Rxd8 Rxd8 27. Rc1 Qb8 {[%emt 0:00:10] And now ...exf4 would win.} (27... Qd6 {simplifies} 28. f5 Bd5 29. Qxd5+ Qxd5 30. Bxd5+ Rxd5 31. fxg6 hxg6 32. Rc4 Rd1+) 28. Rc5 $2 (28. f5 $15) 28... exf4 $19 29. gxf4 Qd6 {[%emt 0:09:53] ...a4 is the strong threat.} (29... Bxb2 30. Rxa5 Bc3 31. Ra8 Qxa8 32. Qxa8 Rxa8 33. Bxa8 $19) 30. Rxa5 Qd1+ (30... Bxb2 31. Rb5 Qd1+ 32. Kf2 $15) 31. Bf1 Bd5 {[%emt 0:00:40] Prevents Ra8.} (31... Bxb2 32. Ra8 Rxa8 33. Qxa8+ Kg7 34. Qe4 $11) 32. Rxd5 Rxd5 (32... Qxd5 $2 {perishes.} 33. Bc4 $18 (33. Qxe7 $2 Bd4 $19) (33. Qxe7 $2 Bd4 $19)) 33. Qxe7 {[%emt 0:00:25] [#]} Rd8 {[%emt 0:01:31] Prevents Qe8+} ({And not} 33... Bxb2 34. Qe8+ Kg7 35. Qe7+ Kg8 36. Qe8+ Kg7 37. Qe7+ Kg8 $11) (33... Bd4 $1 $19 {has better winning chances. Hoping for ...Qd2.} 34. Kf2 Bxe3+ (34... Bxb2 35. Qe8+ Kg7 36. Qe7+ Kg8 37. Be2 $11) 35. Qxe3 Kf8) 34. Qe6+ (34. b4 $17) 34... Kh8 35. b4 {[%emt 0:00:21] [#]} Qe1 $1 36. b5 h6 {[%emt 0:00:21] aiming for ...Rd1.} 37. Qb6 $2 (37. Qh3 $17) 37... Rd1 38. Qb8+ Kh7 {[%emt 0:00:06] Weighted Error Value: White=0.40/Black=0.17 (very precise) .  Loses game:     	White=1     	---        Mistake:       	White=4     	Black=1      Inaccurate:     	White=2     	Black=3      OK:         	White=11    	Black=12     Best:        	White=2     	Black=3      Strong:       	White=1     	Black=1} 0-1

[Event "1st Festival Galdar 2024"]
[Site "Galdar"]
[Date "2024.09.05"]
[Round "5.19"]
[White "Lagarejos Gonzalez, Eduardo"]
[Black "Perez Garcia, Rodney Oscar"]
[Result "0-1"]
[Annotator "TA"]
[ECO "B12"]
[WhiteElo "1971"]
[BlackElo "2313"]
[PlyCount "36"]
[EventDate "2024.09.02"]
[EventType "swiss"]
[EventCountry "ESP"]
[SourceTitle "playchess.com"]
[Source "ChessBase"]
[SourceQuality "1"]
[TimeControl "5400+30"]

1. e4 c6 2. d4 d5 3. e5 c5 4. dxc5 Nc6 5. Bb5 Qa5+ ({Black should play} 5... e6 $11) 6. Nc3 $14 e6 7. Be3 Bd7 8. Bxc6 ({Better is} 8. Nf3 $16) 8... Bxc6 $11 9. Nf3 Bxc5 10. Bxc5 Qxc5 11. Qd4 b6 12. b4 Qe7 13. b5 Bd7 14. Rb1 Rc8 15. Rb3 (15. Ne2 $15) 15... Rc4 $17 16. Qd3 Qc5 17. O-O Ne7 18. Ne2 (18. Rd1 $17) 18... Bxb5 {[%emt 0:03:56] White got outplayed after the opening.   Weighted Error Value: White=0.25 (precise) /Black=0.11 (very precise) .  Mistake:       	White=3     	---        Inaccurate:     	White=1     	---        OK:         	---       	Black=8      Best:        	White=1     	Black=1} ({Stronger than} 18... Rxc2 19. Nc3 Rxc3 20. Qxc3 $16) 0-1

[Event "1st Festival Galdar 2024"]
[Site "Galdar"]
[Date "2024.09.05"]
[Round "5.20"]
[White "Gil Alba, Hector Luis"]
[Black "Sosa Suarez, Carla Cristina"]
[Result "1-0"]
[Annotator "TA"]
[ECO "C41"]
[WhiteElo "2292"]
[BlackElo "2016"]
[PlyCount "87"]
[EventDate "2024.09.02"]
[EventType "swiss"]
[EventCountry "ESP"]
[SourceTitle "playchess.com"]
[Source "ChessBase"]
[SourceQuality "1"]
[TimeControl "5400+30"]

1. d4 d6 2. e4 Nf6 3. Nc3 e5 4. Nf3 exd4 5. Qxd4 Be7 6. Bg5 Be6 7. O-O-O Nc6 8. Bb5 O-O $1 {[%emt 0:01:09] White is slightly better.} 9. Bxc6 bxc6 10. e5 Nd5 11. Bxe7 Qxe7 12. Rhe1 Nxc3 13. Qxc3 c5 14. exd6 cxd6 15. h4 Rad8 16. Kb1 Rfe8 (16... h6 $11) 17. Ng5 $14 h6 18. Nxe6 fxe6 19. g3 Qf6 20. Qxf6 gxf6 {[%emt 0:00:01][%mdl 4096] Endgame. KRR-KRR} 21. c4 ({White should try} 21. Re3 $14) 21... Kf7 $11 22. Rd3 Rd7 23. Kc2 f5 24. Ra3 Rg8 25. Rae3 Re7 26. Rd1 Rd7 27. a3 Rg4 28. f4 Rg8 29. b4 cxb4 30. axb4 Rc8 31. Kb3 Rcc7 32. Rde1 Re7 33. h5 Kf6 34. Rd1 Red7 35. Ra1 Rc6 $1 {[%emt 0:01:38] Dodges Ra6} 36. b5 Rc5 (36... Rb7 $1 $11) 37. Ra6 $14 Ke7 {[%emt 0:00:11] [#]} 38. Re1 {[%emt 0:01:48] White is more active.} (38. Rd3 $1 $16) 38... Rdc7 $11 39. Ra4 Kf7 $2 (39... Kd7 $11 {and Black stays safe.}) 40. Rea1 $18 d5 $2 (40... a6) 41. Rxa7 {[%emt 0:02:12] Threatening mate with b6.} Rxc4 42. b6 {[%emt 0:01:58] White mates.} Rc3+ 43. Kb4 R3c4+ 44. Kb5 {[%emt 0:00:12] Weighted Error Value: White=0.10 (very precise) /Black=0.38.  Loses game:     	---       	Black=1      Mistake:       	White=2     	Black=3      Inaccurate:     	White=3     	Black=3      OK:         	White=11    	Black=14     Best:        	White=5     	---        Strong:       	---       	Black=2} 1-0